cohdb
Replays
Latest Replays
All Replays
Popular Replays
Top Player Replays
Match Explorer
How It Works
Community
CoH3 Stats
Reddit
Sign in to upload your games and track your stats! →
Sign in with Steam
Match 40536282
Unlisted
Match 40536282
Overview
Messages
Build Orders
End
Panzergrenadier Squad
Selects Panzerjäger Kommand Battlegroup
250 Light Carrier
Panzergrenadier Squad
Construct Light Support Kompanie
Selects Tank Busters
MG34 Team
Panzerjäger Squad
Assault Mechanized Group
Fire Support Elements
Selects Crew Shock Tactics
Construct Panzerarmee Kommand
2.5-tonne Medical Truck
Pak 38 Anti-tank Gun Team
Armored Reserves
Forward Retreat Point
Kradschützen Motorcycle Team
Tiger Heavy Tank
Selects Anti-tank Overwatch
Selects Mine Fields
Panzerpioneer Squad
Panzerpioneer Squad
Selects Defensive Positions
Anti-tank Overwatch
Construct Mechanized Kompanie
Nuclear Viking
zaro
HolmViking
dkluan92
Landser
*Mule
Hunti
ozs
0
0
Comments
sign in to comment!
No comments posted yet!